 Dungeon Crawl Stone Soup version 0.25-a0-35-g747a2b3c0c (webtiles) character file.

Game seed: 6177985369723177554, levelgen mode: deterministic

1149 tilp the Gusty (level 8, -4/41 HPs)
             Began as a Tengu Air Elementalist on Oct 18, 2019.
             Was an Initiate of Sif Muna.
             Killed from afar by a wizard (40 damage)
             ... with an orb of energy
             ... on level 7 of the Dungeon.
             The game lasted 00:19:58 (7102 turns).

tilp the Gusty (Tengu Air Elementalist)             Turns: 7102, Time: 00:19:59

Health: -4/41      AC:  4    Str:  7    XL:     8   Next: 38%
Magic:  6/15       EV: 15    Int: 18    God:    Sif Muna [......]
Gold:   144        SH:  0    Dex: 14    Spells: 0/15 levels left

rFire    + . .     SeeInvis .   b - +11 halberd "Brush" {chop, rElec rN++ Str-2}
rCold    + . .     Gourm    .   (shield currently unavailable)
rNeg     + + .     Faith    +   k - +1 robe
rPois    .         Spirit   .   u - +1 hat
rElec    +         Reflect  .   w - scarf {rC+ rF+}
rCorr    .         Harm     .   (no gloves)
MR       .....                  (boots unavailable)
Stlth    +++.......             v - amulet of faith
HPRegen  0.13/turn              F - ring of wizardry
MPRegen  0.14/turn              (no ring)

@: flying quickly and evasively, quick
A: beak, talons 3, able to fly
a: Stop Flying, Renounce Religion


You were on level 7 of the Dungeon.
You worshipped Sif Muna.
Sif Muna was noncommittal.
You were near starving.

You visited 2 branches of the dungeon, and saw 8 of its levels.

You collected 405 gold pieces.
You spent 261 gold pieces at shops.

Inventory:

Hand Weapons
 a - a +0 dagger
 b - the +11 halberd "Brush" (weapon) {chop, rElec rN++ Str-2}
   (You bought it in a shop on level 4 of the Dungeon)

   It inflicts extra damage upon your enemies.
   It affects your strength (-2).
   It insulates you from electricity.
   It greatly protects you from negative energy.
Missiles
 e - 182 stones (quivered)
 f - 2 throwing nets
 j - 9 boomerangs
 q - 4 poisoned darts
 x - 26 sling bullets
Armour
 k - a +1 robe (worn)
 u - a +1 hat (worn)
 w - a scarf of resistance (worn)
Magical Staves
 B - an uncursed staff of fire {unknown}
Jewellery
 v - an amulet of faith (around neck)
 F - a ring of wizardry (left hand)
Wands
 s - a wand of polymorph (23)
Scrolls
 h - a scroll of immolation {unknown}
 i - 3 scrolls of teleportation
 m - 2 scrolls of magic mapping
 t - a scroll of fear {unknown}
 y - a scroll of holy word {unknown}
 z - a scroll of random uselessness {unknown}
 A - 2 scrolls of fog
 C - a scroll of blinking {unknown}
 E - a scroll of remove curse
 I - a scroll of enchant weapon {unknown}
Potions
 d - 2 potions of haste
 g - a potion of brilliance
 l - a potion of resistance
 n - a potion of agility
 o - 3 potions of curing
 p - a potion of cancellation {unknown}
 r - 3 potions of mutation
 D - a potion of experience {unknown}
 G - a potion of lignification {unknown}
Comestibles
 c - 7 rations


   Skills:
 + Level 5.8 Polearms
 - Level 2.1 Dodging
 - Level 4.0 Stealth
 - Level 4.0 Spellcasting
 - Level 6.2 Conjurations
 - Level 6.3 Air Magic


You couldn't memorise any spells.
You knew the following spells:

 Your Spells              Type           Power        Failure   Level  Hunger
a - Shock                 Conj/Air       ####         1%          1    None
b - Swiftness             Chrm/Air       ###.....     2%          2    ##.....
c - Static Discharge      Conj/Air       ####....     1%          3    ###....
d - Airstrike             Air            ####......   4%          4    ####...
e - Lightning Bolt        Conj/Air       ####......   12%         5    ######.

Your spell library contained the following spells:

 Spells                   Type           Power        Failure   Level  Hunger


Dungeon Overview and Level Annotations

Branches:
Dungeon (7/15)             Temple (1/1) D:5

Altars:
Ashenzari
Cheibriados
Fedhas
Hepliaklqana
Qazlal
Ru
Sif Muna
Xom
The Shining One

Shops:
D:4 (   D:6 *

Annotations:
D:4 exclusion: slave


Innate Abilities, Weirdness & Mutations

You have a beak for a mouth.
You have claws for feet.
You can fly continuously.


Message History

A wizard comes into view. It is wielding a +0 dagger.
A wizard comes into view. It is wielding a +0 dagger.
Press: ? - help, v - describe, . - travel
Here: a wizard, wielding a +0 dagger and wearing a +0 robe (moderately wounded)
The floor.
Casting: Airstrike (safe; 4% risk of failure)
Confirm with . or Enter, or press ? or * to list all spells.
Aiming: Lightning Bolt (slightly dangerous; 12% risk of failure)
Press: ? - help, Shift-Dir - straight line, p - wizard You hear a mighty clap of thunder!
The bolt of lightning hits the wizard.
The wizard is moderately wounded.
The bolt of lightning hits the wizard.
The wizard is moderately wounded.
You are near starving!
You hear a shout!
You hear a bark!
You hear a shout!
You hear a bark! x3
The wizard gestures at you while chanting.
The orb of energy hits you!!!
Ouch! That really hurt!
You die...

#.##..........##
#....##........#####
#..#..........)....#
##...###.......###.##
##.## ##............
#.# #.....##.#.## #.#
#............ ...
#......≈≈≈.≈≈ .#
#....@≈≈##.##
#.....≈## .. ####..≈#
....p.. ###.≈#pp.?
#.≈##... ..≈≈ #.#
#..≈≈ ≈≈ .....


You could see 2 wizards.

Vanquished Creatures
  Menkaure (D:6)
  A sky beast (D:6)
  A bullfrog (D:6)
  A scorpion (D:4)
  2 crimson imps
  A bullfrog zombie (D:6)
  A hound (D:4)
  4 orc wizards (D:4)
  Jessica (D:3)
  2 bullfrog skeletons
  4 iguanas
  Terence (D:3)
  5 worker ants
  A hound skeleton (D:4)
  3 gnolls (D:7)
  A howler monkey skeleton (D:6)
  6 adders
  A white imp (D:3)
  3 oozes
  An adder zombie (D:2)
  2 adder skeletons (D:4)
  4 worms
  2 dart slugs
  2 leopard geckos
  9 orcs
  A ball python (D:6)
  8 bats
  8 giant cockroaches
  5 goblins
  4 hobgoblins
  16 jackals
  6 kobolds
  2 quokkas (D:3)
  8 frilled lizards
  A quokka skeleton (D:4)
  9 rats
128 creatures vanquished.

Notes
Turn   | Place    | Note
-------+----------+-------------------------------------------
     0 | D:1      | tilp the Tengu Air Elementalist began the quest for the
                  | Orb.
     0 | D:1      | Reached XP level 1. HP: 10/10 MP: 4/4
   249 | D:1      | Reached XP level 2. HP: 15/15 MP: 1/6
   253 | D:1      | Learned a level 2 spell: Swiftness
   607 | D:1      | Reached XP level 3. HP: 13/19 MP: 3/7
   642 | D:1      | Learned a level 3 spell: Static Discharge
  1563 | D:2      | Found a faded altar of an unknown god.
  1589 | D:2      | Reached XP level 4. HP: 24/24 MP: 3/8
  2588 | D:3      | Reached skill level 5 in Conjurations
  2588 | D:3      | Reached skill level 5 in Air Magic
  2704 | D:3      | Noticed Terence
  2714 | D:3      | Killed Terence
  2714 | D:3      | Gained mutation: You can fly continuously. [Tengu growth]
  2714 | D:3      | Reached XP level 5. HP: 28/28 MP: 3/9
  2875 | D:3      | Noticed Jessica
  2880 | D:3      | Killed Jessica
  3163 | D:3      | You are sucked into a shaft and drop 3 floors!
  3291 | D:6      | Reached XP level 6. HP: 21/32 MP: 5/10
  3621 | D:5      | Entered Level 5 of the Dungeon
  3870 | D:4      | Found a sacrificial altar of Ru.
  3905 | D:4      | Found Xabecwei's Antique Weapon Boutique.
  3924 | D:4      | Bought a smoking halberd for 189 gold pieces
  3924 | D:4      | Identified the +11 halberd "Brush" {chop, rElec rN++ Str-2}
                  | (You bought it in a shop on level 4 of the Dungeon)
  4002 | D:3      | Noticed Grinder
  4204 | D:3      | Learned a level 4 spell: Airstrike
  4357 | D:3      | Noticed Grinder
  4357 | D:3      | Grinder changed into Grinder the iron imp
  4361 | D:3      | Noticed Grinder
  4361 | D:3      | Grinder the iron imp changed into Grinder the white imp
  4373 | D:3      | Killed Grinder the white imp
  4662 | D:4      | Reached XP level 7. HP: 36/36 MP: 9/12
  5574 | D:4      | Reached skill level 1 in Polearms
  6200 | D:5      | Found a staircase to the Ecumenical Temple.
  6212 | D:5      | Reached XP level 8. HP: 41/41 MP: 8/15
  6216 | Temple   | Entered the Ecumenical Temple
  6286 | Temple   | Became a worshipper of Sif Muna the Loreminder
  6310 | D:5      | Learned a level 5 spell: Lightning Bolt
  6576 | D:6      | Found Watief's Assorted Antiques.
  6586 | D:6      | Bought a scroll of identify for 48 gold pieces
  6586 | D:6      | Bought a scroll labeled UMOIDE JAMUPU for 24 gold pieces
  6917 | D:6      | Noticed Menkaure
  6939 | D:6      | Killed Menkaure
  6939 | D:6      | Reached skill level 5 in Polearms
  7099 | D:7      | Noticed a wizard
  7100 | D:7      | Noticed a wizard
  7100 | D:7      | Noticed a wizard
  7102 | D:7      | Killed from afar by a wizard

Levels and vault maps discovered:
D:1:      dpeg_arrival_prison, layout_loops_ring
D:2:      layout_basic, chequers_ecumenical_altar_island,
          minmay_tree_intersection
D:3:      layout_loops_cross, kennysheep_jessica_study, uniq_grinder,
          uniq_jessica, uniq_terence
D:4:      minmay_clustersquares, layout_layer_cave,
          nicolae_overflow_crystal_walls, serial_shops, shop, uniq_pikel
D:5:      layout_basic, temple_statues, first_ration, serial_rivers,
          chequers_serial_rivers_room_b, chequers_serial_rivers_micro_a,
          chequers_serial_rivers_micro_c, chequers_serial_rivers_micro_c,
          chequers_serial_rivers_small_3, lemuel_statue_altar
D:6:      layout_loops_ring, serial_shops, nicolae_shop_overgrown_old_shop,
          uniq_menkaure
D:7:      cheibrodos_wizards_tower, layout_loops_cross, serial_shops, shop,
          uniq_harold
Temple:   roderic_octagonal_lattice_temple

Skill      XL: |  1  2  3  4  5  6  7  8 |
---------------+-------------------------+-----
Conjurations   | 2 3 4 5 6 |  6.2
Air Magic      | 5 6 |  6.3
Stealth        | 3 4 |  4.0
Spellcasting   | 4 |  4.0
Polearms       | 3 5 |  5.8
Dodging        | |  2.1

Action                   |  1- 3 |  4- 6 |  7- 9 || total
-------------------------+-------+-------+-------++-------
Melee: Unarmed           |     2 |       |       ||     2
       Dagger            |     1 |    15 |    17 ||    33
       Peck              |       |     1 |     3 ||     4
       Kick              |       |       |     5 ||     5
       Halberd           |       |       |    25 ||    25
 Cast: Shock             |    75 |   123 |    77 ||   275
       Airstrike         |       |     1 |     3 ||     4
       Lightning Bolt    |       |       |     1 ||     1
 Abil: Fly               |       |     1 |       ||     1
Evoke: Wand              |       |     2 |       ||     2
  Use: Scroll            |       |    13 |     4 ||    17
 Stab: Sleeping          |       |     1 |     5 ||     6
  Eat: Chunk             |     3 |    11 |     7 ||    21
Armor: Robe              |     9 |     2 |    12 ||    23
       Skin              |       |     9 |       ||     9
Dodge: Dodged            |    21 |    20 |    35 ||    76

Table legend:
 A = Non-vault XP
 B = Vault XP
 C = Vault XP percentage of total XP
 D = Non-vault monster count
 E = Vault monster count
 F = Vault count percentage of total count
                 A         B        C        D         E       F
            +---------+---------+-------+---------+---------+-------
      Total |    1269 |     373 |  22.7 |     112 |      16 |  12.5
            +---------+---------+-------+---------+---------+-------
        D:1 |      59 |       3 |   4.8 |      34 |       2 |   5.6
        D:2 |      67 |       0 |   0.0 |      19 |       0 |   0.0
        D:3 |      97 |      81 |  45.5 |      19 |       4 |  17.4
        D:4 |     336 |     120 |  26.3 |      15 |       9 |  37.5
        D:5 |     253 |       0 |   0.0 |       9 |       0 |   0.0
        D:6 |     410 |     169 |  29.2 |      12 |       1 |   7.7
        D:7 |      47 |       0 |   0.0 |       4 |       0 |   0.0
            +---------+---------+-------+---------+---------+-------
